 Dungeon Crawl Stone Soup version 0.30-a0-122-g2a1322497e (webtiles) character file.

Game seed: 6831295116336121072

20905 Zonian the Geomancer (level 12, -5/68 HPs)
             Began as a Gargoyle Earth Elementalist on Sept 15, 2022.
             Was an Elder of Vehumet.
             Slain by a tyrant leech (23 damage)
             ... on level 2 of the Lair of Beasts on Sept 16, 2022.
             The game lasted 00:47:10 (18824 turns).

Zonian the Geomancer (Gargoyle Earth Elementalist) Turns: 18824, Time: 00:47:10

Health: -5/68      AC: 28    Str: 18    XL:     12   Next: 84%
Magic:  4/24       EV: 10    Int: 30    God:    Vehumet [****..]
Gold:   250        SH:  9    Dex: 10    Spells: 7/27 levels left

rFire   . . .      SeeInvis .    q - +4 short sword (venom)
rCold   . . .      Faith    .    y - +0 buckler
rNeg    + . .      Spirit   .    L - +1 scale mail of the Nurturing Gods {Int+6}
rPois   ∞          Reflect  +    z - +2 helmet {Int+3}
rElec   +          Harm     .    r - +0 cloak
rCorr   .          Rampage  .    B - +1 pair of gloves
Will    .....                    x - +0 pair of boots
Stlth   +++.......               e - amulet of reflection
HPRegen 0.21/turn                f - +4 ring of protection
MPRegen 0.19/turn                A - +6 ring of strength

@: freezing walls, studying Translocations
A: sickness immunity, AC +8, negative energy resistance 1, electricity
resistance, torment resistance 1, petrification resistance
a: Renounce Religion


You were on level 2 of the Lair of Beasts.
You worshipped Vehumet.
Vehumet was greatly pleased with you.
You visited 3 branches of the dungeon, and saw 13 of its levels.

You collected 879 gold pieces.
You spent 629 gold pieces at shops.

Inventory:

Hand Weapons
 b - a +2 long sword of pain
 i - a +0 mace of venom
 q - a +4 short sword of venom (weapon)
 s - a +2 dagger of venom
 v - a +0 trident of venom
 C - a +2 short sword of flaming
 E - a +1 trident of freezing
Missiles
 g - 7 curare-tipped darts
 h - 2 throwing nets
 m - 20 poisoned darts
Armour
 a - a +1 robe
 j - the +0 robe "Viuheuc" {rElec}
   (You found it on level 3 of the Dungeon)

   rElec:     It insulates you from electricity.
 r - a +0 cloak (worn)
 x - a +0 pair of boots (worn)
 y - a +0 buckler (worn)
 z - a +2 helmet of intelligence (worn)
 B - a +1 pair of gloves (worn)
 F - +0 steam dragon scales
 L - the +1 scale mail of the Nurturing Gods (worn) {Int+6}
   (You bought it in a shop on level 3 of the Dungeon)

   Int:       It affects your intelligence (+6).
Jewellery
 e - an amulet of reflection (around neck)
 f - a +4 ring of protection (left hand)
 p - a ring of ice
 A - a +6 ring of strength (right hand)
 K - a ring of protection from fire
Wands
 G - a wand of flame (3)
 H - a wand of paralysis (15)
 J - a wand of roots (4)
Scrolls
 c - a scroll of blinking
 d - 2 scrolls of magic mapping
 n - a scroll of fog
 w - 2 scrolls of poison
 I - a scroll of teleportation
Potions
 k - 5 potions of curing
 l - 3 potions of lignification
 o - 4 potions of invisibility
 t - 2 potions of flight
 u - 2 potions of might
 D - a potion of heal wounds


   Skills:
 + Level 5.3 Fighting
 + Level 3.4 Armour
 - Level 4.2 Dodging
 + Level 11.0 Stealth
 - Level 4.0 Shields
 - Level 8.0 Spellcasting
 - Level 7.5 Conjurations
 + Level 5.9 Transmutations
 - Level 3.4 Ice Magic
 - Level 4.3 Air Magic
 + Level 11.3 Earth Magic


You had 7 spell levels left.
You knew the following spells:

 Your Spells              Type           Power      Damage    Failure   Level
a - Sandblast             Erth           100%       2d20      1%          1
b - Stone Arrow           Conj/Erth      100%       3d13      1%          3
c - Static Discharge      Conj/Air       94%        3-9/arc   1%          2
d - Passwall              Tmut/Erth      49%        N/A       1%          2
e - Petrify               Tmut/Erth      59%        N/A       4%          4
f - Lee's Rapid Deconstr  Erth           34%        3d18*     1%          5
g - Frozen Ramparts       Ice            64%        1d10      3%          3

Your spell library contained the following spells:

 Spells                   Type           Power      Damage    Failure   Level
 Ignite Poison            Fire/Tmut/Pois 23%        N/A       7%          3
 Irradiate                Conj/Tmut      25%        3d20      9%          5
 Ensorcelled Hibernation  Hex/Ice        44%        N/A       13%         2
 Inner Flame              Hex/Fire       12%        N/A       13%         3
 Spider Form              Tmut/Pois      29%        N/A       16%         3
 Leda's Liquefaction      Hex/Erth       23%        N/A       17%         4
 Anguish                  Hex/Necr       6%         N/A       86%         4
 Cause Fear               Hex            6%         N/A       86%         4
 Summon Forest            Summ/Tloc      6%         N/A       99%         5
 Summon Mana Viper        Hex/Summ       12%        N/A       99%         5
 Summon Cactus Giant      Summ           6%         N/A       100%        6
 Dragon Form              Tmut           23%        N/A       100%        7
 Borgnjor's Revivificati  Necr           6%         N/A       100%        8
 Discord                  Hex            6%         N/A       100%        8
 Necromutation            Tmut/Necr      14%        N/A       100%        8
 Death's Door             Necr           6%         N/A       100%        9
 Dragon's Call            Summ           6%         N/A       100%        9
 Sublimation of Blood     Necr           Unusable   N/A       N/A         2
 Statue Form              Tmut/Erth      Unusable   N/A       N/A         6

Dungeon Overview and Level Annotations

Branches:
Dungeon (10/15)            Temple (1/1) D:4            Lair (2/5) D:9
  Swamp (0/4) Lair:2       Spider (0/4) Lair:2
    Orc: D:9-12

Altars:
Ashenzari
Cheibriados
Dithmenos
Elyvilon
Fedhas
Kikubaaqudgha
Nemelex Xobeh
Qazlal
Sif Muna
Trog
Uskayaw
Vehumet
Wu Jian
Yredelemnul
Zin
The Shining One

Shops:
D:3 [!

Annotations:
D:4 Grinder
Lair:2 1 runed translucent door, Faocaxoob's ghost, journeyman MiBe


Innate Abilities, Weirdness & Mutations

You are immune to sickness and miasma.
Your stone body is resilient. (AC +8)
You are immune to poison.
You resist negative energy. (rN+)
You are resistant to electric shocks. (rElec)
You are resistant to unholy torment.
You are immune to petrification.


Message History

You barely miss the black mamba.
The black mamba is severely wounded.
The wall freezes the black mamba.
The black mamba bites you but does no damage.
The wall freezes the tyrant leech but does no damage.
The tyrant leech bites you but does no damage.
Unknown command.
You hit the black mamba.
The black mamba is poisoned.
The black mamba is severely wounded.
The frozen ramparts melt away.
You block the black mamba's attack. You block the tyrant leech's attack.
Unknown command.
Casting: Frozen Ramparts (dangerous; 3% risk of failure)
Confirm with . or Enter, or press ? or * to list all spells.
Casting: Frozen Ramparts (dangerous; 3% risk of failure)
Press: ? - help, Dir - look around, f - activate The walls around you are covered in ice.
The wall freezes the black mamba but does no damage.
The black mamba bites you but does no damage.
The wall freezes the tyrant leech!
The tyrant leech closely misses you.
The wall freezes the black mamba!
You kill the black mamba!
Vehumet accepts your kill.
You feel your power returning.
Your Stealth skill increases to level 11!
You hit the tyrant leech.
The tyrant leech is poisoned.
The tyrant leech is heavily wounded.
The wall freezes the tyrant leech.
You block the tyrant leech's attack.
You hit the tyrant leech.
The tyrant leech is severely wounded.
Unknown command.
You miss the tyrant leech.
The tyrant leech is severely wounded.
The wall freezes the tyrant leech.
The tyrant leech bites you!
* * * LOW HITPOINT WARNING * * *
Unknown command.
You hit the tyrant leech but do no damage.
The tyrant leech is severely wounded.
The wall freezes the tyrant leech.
The tyrant leech bites you!!
You die...

###### ######### #
...#.#####P##.##@#P.###
...............†w†......
......†..†.....†........
..#..+#♣.♣♣.♣♣..........
.......†♣♣≈~♣♣♣.........
........♣§§~§ ♣...#.PPP.
...###..♣§~§§§♣..#......
........♣~~~~≈♣.........
........♣♣≈§§♣♣...P....


You could see a tyrant leech (very poisoned).

Vanquished Creatures
  A two-headed ogre (D:8)
  6 death yaks (D:9)
  2 wolf spiders (Lair:1)
  2 black mambas
  5 elephants (Lair:2)
  3 cane toads
  A gargoyle (D:7)
  Maggie (D:6)
  3 komodo dragons
  2 rime drakes
  A hornet (Lair:1)
  2 polar bears
  2 tyrant leeches (Lair:2)
  2 unseen horror skeletons (D:9)
  A troll (D:9)
  Prince Ribbit (D:5)
  A jumping spider (Lair:2)
  Sigmund (D:3)
  2 wyverns (D:9)
  17 yaks
  2 basilisks (Lair:1)
  A steam dragon (D:7)
  5 water moccasins
  An acid dragon (D:8)
  Duvessa (D:4)
  4 orc warriors
  An ice beast (D:7)
  2 sky beasts
  An ogre (D:6)
  3 black bears
  3 wolves (Lair:1)
  4 centaurs
  Blork the orc (D:4)
  A kobold brigand (D:9)
  4 bullfrogs
  4 scorpions
  2 gnoll sergeants
  3 necrophages
  11 wights
  Dowan (D:4)
  11 killer bees
  A centaur zombie (D:9)
  An electric eel (Lair:1)
  A howler monkey (D:4)
  A hound (D:7)
  4 jellies
  5 orc priests
  Crazy Yiuf (D:5)
  2 gnoll boudas
  8 iguanas
  8 orc wizards
  Terence (D:3)
  18 gnolls
  A howler monkey skeleton (D:9)
  18 adders
  A shadow imp (D:6)
  A white imp (D:8)
  A howler monkey simulacrum (D:9)
  An ufetubus (D:7)
  2 worms (D:3)
  A dart slug (D:1)
  26 orcs
  5 ball pythons
  6 endoplasms
  A giant cockroach (D:4)
  9 goblins
  5 hobgoblins
  11 jackals
  4 quokkas
  3 bats
  A frilled lizard (D:3)
  7 kobolds
  5 rats (D:1)
282 creatures vanquished.

Vanquished Creatures (others)
  A bush (Lair:1)
  48 fungi
  95 plants
144 creatures vanquished.

Grand Total: 426 creatures vanquished

Notes
Turn   | Place    | Note
-------+----------+-------------------------------------------
     0 | D:1      | Zonian the Gargoyle Earth Elementalist began the quest for
                  | the Orb.
     0 | D:1      | Reached XP level 1. HP: 10/10 MP: 3/3
   111 | D:1      | Found a faded altar of an unknown god.
   198 | D:1      | Reached skill level 1 in Transmutations
   198 | D:1      | Reached XP level 2. HP: 15/15 MP: 0/5
   891 | D:2      | Reached XP level 3. HP: 19/19 MP: 4/6
  1478 | D:2      | Found a white marble altar of Elyvilon.
  1713 | D:3      | Found Rokhlamp's Distillery.
  1716 | D:3      | Bought a potion of magic for 88 gold pieces
  1810 | D:3      | Found Houcitzol's Armour Emporium.
  1885 | D:3      | Reached XP level 4. HP: 24/24 MP: 7/7
  2087 | D:3      | Noticed Terence
  2090 | D:3      | Identified the +0 robe "Viuheuc" {rElec}
  2099 | D:3      | Killed Terence
  2277 | D:3      | Reached XP level 5. HP: 27/28 MP: 1/9
  2377 | D:3      | Noticed Sigmund
  2663 | D:4      | Noticed Blork the orc
  2693 | D:4      | HP: 1/42 [Blork the orc/puff of frost (2)]
  2694 | D:4      | Killed Blork the orc
  2695 | D:4      | Reached XP level 6. HP: 2/32 MP: 7/10
  3019 | D:4      | Reached skill level 5 in Earth Magic
  3062 | D:4      | Noticed Grinder
  3084 | D:4      | Learned a level 3 spell: Stone Arrow
  3209 | D:4      | Reached XP level 7. HP: 36/36 MP: 7/12
  3273 | D:4      | Noticed Duvessa
  3274 | D:4      | Noticed Dowan
  3287 | D:4      | Killed Duvessa
  3288 | D:4      | Reached skill level 1 in Conjurations
  3294 | D:4      | Killed Dowan
  3666 | D:4      | Found a staircase to the Ecumenical Temple.
  3682 | Temple   | Entered the Ecumenical Temple
  3701 | Temple   | Became a worshipper of Vehumet
  4372 | D:5      | Entered Level 5 of the Dungeon
  4471 | D:5      | Reached skill level 5 in Stealth
  4471 | D:5      | Reached XP level 8. HP: 34/41 MP: 10/14
  4852 | D:5      | Found a bloodstained altar of Trog.
  4969 | D:5      | Noticed Prince Ribbit
  4979 | D:5      | HP: 2/41 [Prince Ribbit (1)]
  4983 | D:5      | Killed Prince Ribbit
  5452 | D:5      | Found a runed translucent door.
  5453 | D:5      | Noticed Crazy Yiuf
  5461 | D:5      | Killed Crazy Yiuf
  5794 | D:6      | Found a shadowy altar of Dithmenos.
  5797 | D:6      | Found a blossoming altar of Fedhas.
  5797 | D:6      | Found a hide-covered altar of Uskayaw.
  5797 | D:6      | Found a sparkling altar of Nemelex Xobeh.
  5863 | D:6      | Reached * piety under Vehumet
  5863 | D:6      | Offered knowledge of Magic Dart by Vehumet.
  6350 | D:6      | Reached skill level 1 in Shields
  6579 | D:6      | Reached XP level 9. HP: 10/45 MP: 13/16
  7102 | D:6      | Reached skill level 5 in Spellcasting
  7158 | D:6      | Found a shimmering blue altar of Sif Muna.
  7159 | D:6      | Found a stormy altar of Qazlal.
  7174 | D:6      | Noticed Maggie
  7194 | D:6      | Killed Maggie
  7843 | D:3      | Bought a +1 helmet of intelligence for 198 gold pieces
  8601 | D:7      | Reached skill level 5 in Conjurations
  9331 | D:7      | Noticed a gargoyle
  9335 | D:7      | Killed a gargoyle
  9563 | D:7      | Reached XP level 10. HP: 34/50 MP: 17/19
  9757 | D:7      | Reached ** piety under Vehumet
  9757 | D:7      | Offered knowledge of Static Discharge by Vehumet.
 10262 | D:7      | Found a glowing silver altar of Zin.
 10266 | D:7      | Found a glowing golden altar of the Shining One.
 10267 | D:7      | Found a white marble altar of Elyvilon.
 10459 | D:7      | Learned a level 2 spell: Static Discharge
 10462 | D:7      | Learned a level 2 spell: Passwall
 10467 | D:7      | Learned a level 4 spell: Petrify
 10535 | D:8      | You fall into a shaft and drop 1 floor!
 10663 | D:9      | Reached skill level 1 in Air Magic
 10932 | D:9      | Noticed a death yak
 10933 | D:9      | Noticed a death yak
 10933 | D:9      | Noticed a death yak
 10935 | D:9      | Noticed a death yak
 10945 | D:9      | Killed a death yak
 10950 | D:9      | Killed a death yak
 10979 | D:9      | Noticed a death yak
 10979 | D:9      | Noticed a death yak
 10998 | D:9      | Found a staircase to the Lair.
 11006 | Lair:1   | Entered Level 1 of the Lair of Beasts
 11187 | Lair:1   | Reached XP level 11. HP: 48/54 MP: 21/21
 11549 | Lair:1   | Learned a level 5 spell: Lee's Rapid Deconstruction
 11645 | Lair:1   | Noticed a wolf spider
 11660 | Lair:1   | Killed a wolf spider
 12144 | Lair:1   | Noticed a wolf spider
 12154 | Lair:1   | Killed a wolf spider
 12154 | Lair:1   | Offered knowledge of Frozen Ramparts by Vehumet.
 12159 | Lair:1   | Learned a level 3 spell: Frozen Ramparts
 12493 | Lair:1   | Reached skill level 1 in Fighting
 12503 | Lair:1   | Reached skill level 1 in Ice Magic
 13032 | Lair:1   | Reached skill level 10 in Earth Magic
 13817 | Lair:2   | Upgraded the game from 0.30-a0-121-gb27577e5d9 to
                  | 0.30-a0-122-g2a1322497e
 14139 | Lair:2   | Found a runed translucent door.
 14142 | Lair:2   | Noticed Faocaxoob's ghost (journeyman MiBe)
 14227 | D:9      | Killed a death yak
 14231 | D:9      | Killed a death yak
 14232 | D:9      | Killed a death yak
 14235 | D:9      | Killed a death yak
 14236 | D:9      | Reached skill level 10 in Stealth
 14236 | D:9      | Reached XP level 12. HP: 61/64 MP: 10/23
 14352 | D:9      | Reached *** piety under Vehumet
 14439 | D:8      | Found a snail-covered altar of Cheibriados.
 14462 | D:9      | Reached skill level 5 in Transmutations
 14465 | D:9      | Offered knowledge of Mephitic Cloud by Vehumet.
 15915 | D:9      | Reached **** piety under Vehumet
 16074 | D:8      | Noticed a two-headed ogre
 16094 | D:8      | Reached skill level 1 in Armour
 16113 | D:8      | Killed a two-headed ogre
 16200 | D:8      | Offered knowledge of Ignite Poison by Vehumet.
 17053 | D:3      | Bought the +1 scale mail of the Nurturing Gods {Int+6} for
                  | 343 gold pieces
 17430 | D:3      | Killed Sigmund
 18114 | D:10     | Entered Level 10 of the Dungeon
 18478 | Lair:2   | Found a hole to the Spider Nest.
 18515 | Lair:2   | Found a staircase to the Swamp.
 18799 | Lair:2   | Reached skill level 5 in Fighting
 18824 | Lair:2   | Slain by a tyrant leech

Illustrated notes

Levels and vault maps discovered:
D:1:      evilmike_arrival_plus, layout_basic, ebering_ecumenical_altar_hall
D:2:      layout_loops_ring, basic_altar
D:3:      layout_basic, serial_shops, nicolae_shop_trees, nicolae_diamond_shop,
          minivault_19, uniq_sigmund, uniq_terence
D:4:      layout_cave_pools, minmay_temple_entry_glassed_door, uniq_grinder,
          uniq_blork_the_orc, uniq_duvessa
D:5:      layout_rooms, bloody_trog, uniq_crazy_yiuf_cottage,
          uniq_prince_ribbit1
D:6:      layout_layer_cave, grunt_temple_overflow_open, uniq_maggie
D:7:      minmay_thinvault, layout_basic, good_gods_temple_1
D:8:      layout_cave_pools, mainiacjoe_overflow_tiny_flanked
D:9:      layout_rooms, dpeg_lair_monsters, enter_bailey_3, serial_corexii_hall,
          corexii_hall_statues_u, chequers_hall_statues_y,
          chequers_hall_statues_y, chequers_hall_statues_wall_a,
          hangedman_weighted_door, minivault_22, serial_bayou_lagoon_a,
          grunt_ministairs_7
D:10:     layout_loops_ring, serial_shops, shop
Temple:   jpeg_temple_clearing
Lair:1:   minmay_lair_venomous_thicket, layout_loops_ring,
          gammafunk_lair_bear_cave
Lair:2:   layout_chaotic_city, minmay_swamp_entry_worms,
          spider_nest_entry_rubble, hellmonk_ghost_happy_afterlife

Skill      XL: |  1  2  3  4  5  6  7  8  9 10 11 12 |
---------------+-------------------------------------+-----
Transmutations | 1 2 3 4 5 |  5.9
Earth Magic    | 4 5 7 8 9 10 11 | 11.3
Dodging        | 2 3 4 |  4.2
Stealth        | 3 4 5 6 7 8 10 11 | 11.0
Spellcasting   | 3 4 6 7 8 |  8.0
Conjurations   | 2 4 5 7 |  7.5
Shields        | 1 4 |  4.0
Air Magic      | 2 4 |  4.3
Fighting       | 3 5 |  5.3
Ice Magic      | 2 3 |  3.4
Armour         | 3 |  3.4

Action                   |  1- 3 |  4- 6 |  7- 9 | 10-12 || total
-------------------------+-------+-------+-------+-------++-------
Melee: Unarmed           |     4 |       |       |       ||     4
       Mace              |    21 |    40 |     3 |       ||    64
       Dagger            |       |       |   132 |   336 ||   468
       Punch             |       |       |     1 |       ||     1
       Short sword       |       |       |       |    65 ||    65
Throw: Dart              |       |     5 |     3 |       ||     8
 Cast: Sandblast         |    33 |    44 |   130 |    61 ||   268
       Stone Arrow       |       |       |    11 |    93 ||   104
       Petrify           |       |       |       |     3 ||     3
       Frozen Ramparts   |       |       |       |    20 ||    20
       Lee's Rapid Decon |       |       |       |     3 ||     3
Evoke: Wand              |       |       |       |     1 ||     1
  Use: Scroll            |    11 |     1 |     9 |     6 ||    27
       Potion            |       |     3 |     5 |     1 ||     9
 Stab: Sleeping          |     3 |       |     5 |     6 ||    14
       Distracted        |       |       |       |     3 ||     3
       Petrified         |       |       |       |     6 ||     6
       Petrifying        |       |       |       |     2 ||     2
Armor: Robe              |    15 |    28 |   119 |    10 ||   172
       Skin              |       |    25 |       |       ||    25
       Steam dragon scal |       |       |       |   235 ||   235
       Scale mail        |       |       |       |    54 ||    54
Dodge: Dodged            |    21 |    48 |   113 |   290 ||   472
Block: Other             |    10 |    42 |    13 |       ||    65
       Reflection        |       |     3 |     8 |       ||    11
       Buckler           |       |       |    65 |   299 ||   364

Table legend: (Time is in decaauts)
 A = Elapsed time spent in this place.
 B = Non-inter-level travel time spent in this place.
 C = Inter-level travel time spent in this place.
 D = Time resting spent in this place.
 E = Time spent auto-exploring this place.
 F = Levels seen in this place.
 G = Mean time per level.
                   A        B        C        D        E       F      G
               +--------+--------+--------+--------+--------+-----+--------+
         Total |  19014 |  18153 |    861 |   8128 |   6460 |  13 | 1462.6 |
       Dungeon |  15071 |  14327 |    744 |   5983 |   5435 |  10 | 1507.1 |
        Temple |     35 |     19 |     16 |      0 |     12 |   1 |   35.0 |
          Lair |   3907 |   3807 |    100 |   2145 |   1013 |   2 | 1953.5 |
               +--------+--------+--------+--------+--------+-----+--------+

Top non-repeatable levels by time:
     D:9: 2793 daAuts
     D:6: 2735 daAuts
  Lair:1: 2457 daAuts
     D:7: 2117 daAuts
     D:4: 2092 daAuts
  Lair:2: 1449 daAuts
     D:3: 1384 daAuts
     D:5: 1369 daAuts
     D:1: 900 daAuts
     D:8: 899 daAuts
     D:2: 776 daAuts
  Temple: 35 daAuts
    D:10: 1 daAuts
